 Dungeon Crawl Stone Soup version 0.25.1-8-g42b30a86e7 (webtiles) character file.

Game seed: 14138459828744501420

141 HarmlessCrawler the Skirmisher (level 5, -6/33 HPs)
             Began as a Gargoyle Fighter on Dec 12, 2020.
             Killed by divine providence
             ... invoked by an orc priest
              (13 damage)
             ... on level 3 of the Dungeon.
             The game lasted 00:19:50 (2456 turns).

HarmlessCrawler the Skirmisher (Gargoyle Fighter)   Turns: 2456, Time: 00:19:50

Health: -6/33      AC: 13    Str: 20    XL:     5   Next: 24%
Magic:  5/5        EV:  7    Int:  9    God:
Gold:   138        SH:  9    Dex:  9    Spells: 4/4 levels left

rFire    . . .     SeeInvis .   a - +0 flail
rCold    . . .     Gourm    .   c - +0 kite shield
rNeg     + . .     Faith    .   b - +0 scale mail
rPois    ∞         Spirit   .   z - +0 helmet
rElec    +         Reflect  .   (no cloak)
rCorr    .         Harm     .   (no gloves)
MR       .....                  A - +0 pair of boots
Stlth    ..........             (no amulet)
HPRegen  0.11/turn              (no ring)
MPRegen  0.09/turn              (no ring)

@: no status effects
A: negative energy resistance 1, electricity resistance, unbreathing,
petrification resistance, rot immunity, AC +4
a: no special abilities


You were on level 3 of the Dungeon.
You were not hungry.

You visited 1 branch of the dungeon, and saw 3 of its levels.

You collected 138 gold pieces.

Inventory:

Hand Weapons
 a - a +0 flail (weapon)
 e - a +0 short sword
 k - a +0 mace
 s - a +2 short sword of protection
Missiles
 n - 55 bolts
 p - 73 stones (quivered)
 x - 6 poisoned darts
Armour
 b - a +0 scale mail (worn)
 c - a +0 kite shield (worn)
 z - a +0 helmet (worn)
 A - a +0 pair of boots (worn)
Wands
 h - a wand of flame (16)
Scrolls
 g - a scroll of fog {unknown}
 i - 2 scrolls of enchant armour {unknown}
 m - a scroll of amnesia {unknown}
 o - 4 scrolls of identify {unknown}
 q - 2 scrolls of remove curse {unknown}
 r - a scroll of random uselessness {unknown}
 u - a scroll of blinking {unknown}
 w - 2 scrolls of magic mapping {unknown}
 y - a scroll of teleportation {unknown}
Potions
 d - a potion of might
 j - 2 potions of heal wounds {unknown}
 l - a potion of brilliance {unknown}
 t - 4 potions of stabbing {unknown}
 v - a potion of haste {unknown}
 C - a potion of curing {unknown}
Comestibles
 f - 8 rations
 B - 3 chunks of flesh


   Skills:
 + Level 4.2 Fighting
 + Level 3.0 Maces & Flails
 + Level 4.2 Armour
 + Level 4.2 Shields


You had 4 spell levels left.
You didn't know any spells.
Your spell library was empty.

Dungeon Overview and Level Annotations

Branches:
Dungeon (3/15)

Altars:
Yredelemnul


Innate Abilities, Weirdness & Mutations

You are resistant to torment.
Your stone body is resilient. (AC +4)
You are immune to poison.
You resist negative energy. (rN+)
You are resistant to electric shocks. (rElec)
You can survive without breathing.
You are immune to petrification.
You are immune to rotting.


Message History

An orc and an orc priest come into view.
The orc shouts!
The orc priest moves out of view.
An orc comes into view. It is wielding a +0 club.
The orc shouts!
A frilled lizard comes into view.
You closely miss the goblin. You block the goblin's attack.
You barely miss the goblin. The goblin hits you but does no damage.
You block the goblin's attack.
The orc priest mumbles some strange prayers to Beogh against you.
Beogh smites you!
The orc priest invokes the aid of Beogh against you.
Pain shoots through your body! You block the goblin's attack.
The orc priest invokes the aid of Beogh against you.
Beogh smites you!
* * * LOW HITPOINT WARNING * * *
The orc priest invokes the aid of Beogh against you.
Beogh smites you!
You die...

#######.#.## #.#
.......###.# #.#
#######.#..## #.#
#...........#
##########.#
#.#####.....#
#..........## ..# #..#..#
#.#########.# ### #.##..#
#.# #.# #.##..# #.# #.#
#.##..# #@# #.#
#######.##..# #g# #.#
.....##.##..####.# #.#
####.#...........# #.#
#......[....o##########.#
###..###.##.......>...#.#
#..# #...#o########.#.#
#..# ###.#o# #.# #..#
#.#.# #.#


You could see an orc priest, 2 orcs and a goblin.

Vanquished Creatures
  6 adders
  4 gnolls (D:1)
  A worm (D:2)
  5 leopard geckos
  2 giant cockroaches
  6 goblins
  5 hobgoblins
  2 quokkas
  3 bats (D:1)
  6 frilled lizards
  3 kobolds
  3 rats
46 creatures vanquished.

Notes
Turn   | Place    | Note
-------+----------+-------------------------------------------
     0 | D:1      | HarmlessCrawler the Gargoyle Fighter began the quest for
                  | the Orb.
     0 | D:1      | Reached XP level 1. HP: 14/14 MP: 1/1
   338 | D:1      | Reached XP level 2. HP: 18/19 MP: 2/2
   687 | D:1      | Reached XP level 3. HP: 24/24 MP: 3/3
   980 | D:1      | Reached XP level 4. HP: 29/29 MP: 4/4
  1753 | D:2      | Reached XP level 5. HP: 30/33 MP: 5/5
  2027 | D:2      | Found a basalt altar of Yredelemnul.
  2456 | D:3      | Killed from afar by an orc priest

Illustrated notes

Levels and vault maps discovered:
D:1:      lightli_arrival_chessboard, layout_basic, minmay_pentomino_t2
D:2:      minmay_inner_zag, layout_loops_ring, overflow_temple_1_default
D:3:      cheibrodos_old_hovel, layout_loops_ring, first_ration,
          minmay_misc_feat_roman, tso_altar

Skill      XL: |  1  2  3  4 |
---------------+-------------+-----
Fighting       | 4 |  4.2
Shields        | 4 |  4.2
Armour         | 4 |  4.2
Maces & Flails | 3 |  3.0

Action                   |  1- 3 |  4- 6 || total
-------------------------+-------+-------++-------
Melee: Flail             |    79 |   160 ||   239
  Eat: Chunk             |       |     5 ||     5
Armor: Scale mail        |    56 |    84 ||   140
Dodge: Dodged            |    25 |    52 ||    77
Block: Kite shield       |    42 |    86 ||   128
